 Dungeon Crawl Stone Soup version 0.20-a0-454-g2b43fbb (webtiles) character file.

39 M4edhros the Grave Robber (level 3, -3/21 HPs)
             Began as an Octopode Necromancer on Jan 9, 2017.
             Slain by Sigmund
             ... wielding a +0 scythe
              (12 damage)
             ... on level 2 of the Dungeon.
             The game lasted 00:02:06 (403 turns).

M4edhros the Grave Robber (Octopode Necromancer)     Turns: 403, Time: 00:02:07

Health: -3/21      AC:  1    Str: 12    XL:     3   Next: 47%
Magic:  3/6        EV: 13    Int: 17    God:
Gold:   86         SH:  0    Dex: 13    Spells: 1/6 levels left

rFire  . . .     SeeInvis .       - Unarmed
rCold  . . .     Gourm    .     (no shield)
rNeg   . . .     Faith    .     (helmet restricted)
rPois  .         Spirit   .     (no amulet)
rElec  .         Reflect  .     (no ring)
rCorr  .         Harm     .     (no ring)
MR     .....                    (no ring)
Stlth  ++........               (no ring)
                                (no ring)
                                (no ring)
                                (no ring)
                                (no ring)

@: confused, mighty, very slightly contaminated, hasted, very quick
A: almost no armour, stealthy swim, amphibious, 8 rings, constrict 8, camouflage
1, gelatinous body 1
a: no special abilities


You were on level 2 of the Dungeon.
You were not hungry.

You visited 1 branch of the dungeon, and saw 2 of its levels.

You collected 86 gold pieces.

Inventory:

Missiles
 c - 50 sling bullets
Jewellery
 k - a cursed amulet of inaccuracy {unknown}
Scrolls
 e - a scroll of remove curse {unknown}
 f - a scroll of identify {unknown}
 i - a scroll of enchant armour {unknown}
Books
 a - a book of Necromancy

   Spells                             Type                      Level
   a - Pain                           Necromancy                   1
   b - Animate Skeleton               Necromancy                   1
   c - Vampiric Draining              Necromancy                   3
   d - Regeneration                   Charms/Necromancy            3
   e - Animate Dead                   Necromancy                   4
   f - Control Undead                 Necromancy                   4
Comestibles
 b - 2 bread rations
 d - 3 chunks of flesh


   Skills:
 - Level 2.0 Dodging
 - Level 2.6 Stealth
 + Level 3.0 Unarmed Combat
 - Level 2.0 Spellcasting
 - Level 4.0 Necromancy


You had one spell level left.
You knew the following spells:

 Your Spells              Type           Power        Failure   Level  Hunger
a - Pain                  Necr           ###.         3%          1    #......
b - Animate Skeleton      Necr           N/A          3%          1    #......
c - Regeneration          Chrm/Necr      #.........   24%         3    ###....


Dungeon Overview and Level Annotations

Branches:
Dungeon (2/15)

Altars:
Ashenzari

Annotations:
D:2 Sigmund


Innate Abilities, Weirdness & Mutations

You cannot wear most types of armour.
You are very stealthy in the water. (Stealth+)
You are amphibious.
You can wear up to eight rings at the same time.
You can use your tentacles to constrict eight enemies at once.
Your skin changes colour to match your surroundings (Stealth+).
Your rubbery body absorbs attacks. (AC +1, EV +1)


Message History

A jackal comes into view.
A jackal comes into view. x2
The jackal barks!
The kobold throws a stone.
The stone barely misses you.
You see here a dented lapis lazuli amulet.
k - a dented lapis lazuli amulet The kobold throws a stone.
The stone barely misses you. Sigmund gestures at you while chanting.
You are confused.
A jackal comes into view.
You feel yourself speed up.
The kobold throws a stone.
The stone hits you. The frilled lizard barely misses you.
You are very lightly contaminated with residual magic.
It was a potion of cure mutation.
It has a very clean taste.
It was a potion of might.
You feel very mighty all of a sudden. The frilled lizard barely misses you.
Sigmund hits you from afar with a scythe!
Ouch! That really hurt!
You die...

# #...........##..# ..!. #
#...........##..###..... #
.............##..........
.
..........................
.........####...##.##.....
##.....#######...##..#
#### #...........#
#######..Z........# #.
......(@..........# ..
......l...........# ..
......h.@.K.......# .
..................# .#
.....%............ .#
...h............. .##
..h............. ..###
............... ....#


You could see Sigmund, 3 jackals, a kobold, a frilled lizard and the friendly
Terence the human skeleton.

Vanquished Creatures
  Terence (D:2)
  An ooze (D:2)
  A leopard gecko (D:2)
  A ball python (D:2)
  A goblin (D:1)
  2 hobgoblins
  A frilled lizard (D:2)
  2 rats
10 creatures vanquished.

Notes
Turn   | Place    | Note
-------+----------+-------------------------------------------
     0 | D:1      | M4edhros the Octopode Necromancer began the quest for the Orb.
     0 | D:1      | Reached XP level 1. HP: 11/11 MP: 3/3
    17 | D:1      | Found a shattered altar of Ashenzari.
    82 | D:1      | Reached skill level 1 in Unarmed Combat
   150 | D:2      | Reached XP level 2. HP: 7/17 MP: 5/5
   174 | D:2      | Learned a level 1 spell: Animate Skeleton
   247 | D:2      | Noticed Terence
   273 | D:2      | Killed Terence
   273 | D:2      | Reached XP level 3. HP: 1/21 MP: 1/6
   279 | D:2      | Learned a level 3 spell: Regeneration
   396 | D:2      | Noticed Sigmund
   403 | D:2      | Slain by Sigmund

Vault maps used:
D:1:      sevenhm_arrival_forest_fort_small_3, nicolae_ashenzari_panopticon
D:2:      first_bread, minmay_misc_feat_square, uniq_terence, uniq_sigmund

Skill      XL: |  1  2  3 |
---------------+----------+-----
Unarmed Combat | 1 2 3 |  3.0
Dodging        | |  2.0
Stealth        | |  2.6
Spellcasting   | |  2.0
Necromancy     | |  4.0

Action                   || total
-------------------------++-------
Melee: Unarmed           ||    19
       Constrict         ||     3
       Tentacles         ||     1
 Cast: Pain              ||    12
       Animate Skeleton  ||     2
       Regeneration      ||     1
  Use: Potion            ||     5
Armor: Skin              ||     4
Dodge: Dodged            ||    10
